AoeStats
← Hoyall

Hideout

509885706Analyzed
1v1 RM · 3d ago on Sep 28, 2026· 46m 4s· 2 players
Game mode
Random Map
Map size
Tiny (2 player)
Population
200
Speed
Normal
Resources
Standard
Victory
Conquest
Starting age
Dark Age
Ending age
Imperial Age
RankedLock teamsTeams togetherTeam positionsShared explorationLock speedFull tech treeHidden civsTurbo modeCheats
Victory
Defeat
🇩🇪 Lithuanians · Germany
1565
+22
🇧🇷 Lithuanians · Brazil
1701
-22
ruuupert
9:45 Feudal Age
10:14 Loom
12:07 Horse Collar
12:14 Double-Bit Axe
17:46 Castle Age
16:16 Gold Mining
18:41 Bow Saw
20:35 Wheelbarrow
24:16 Hand Cart
24:24 Hand Cart
29:31 Imperial Age
27:18 Forging
28:00 Bloodlines
28:16 Heavy Plow
28:21 Husbandry
28:26 Stone Mining
28:44 Scale Barding Armor
29:48 Chain Barding Armor
30:27 Iron Casting
31:16 Chemistry
31:09 Town Watch
32:00 Plate Barding Armor
32:51 Conscription
33:34 Fletching
33:56 Masonry
33:22 Elite Skirmisher
35:29 Architecture
35:31 Padded Archer Armor
35:26 Bodkin Arrow
37:25 Tower Shields
37:25 Bodkin Arrow
37:56 Ballistics
37:02 Light Cavalry
38:24 Bracer
39:48 Two-Man Saw
39:08 Elite Leitis
40:11 Leather Archer Armor
42:31 Ring Archer Armor
42:56 Guilds
42:23 Winged Hussar
44:14 Hoardings
44:25 Thumb Ring
45:31 Fortified Wall
46:11 Hill Forts
Hoyall
6:04 Loom
8:51 Feudal Age
8:59 Man-at-Arms
13:41 Double-Bit Axe
19:59 Castle Age
18:16 Horse Collar
19:09 Gold Mining
21:27 Bow Saw
23:49 Town Watch
24:24 Heavy Plow
27:33 Wheelbarrow
32:05 Imperial Age
29:06 Pikeman
29:46 Squires
29:48 Scale Mail Armor
30:10 Forging
30:00 Stone Mining
30:45 Chain Mail Armor
30:46 Treadmill Crane
31:29 Ballistics
30:58 Arson
31:54 Bloodlines
31:44 Husbandry
32:27 Stone Shaft Mining
32:44 Hand Cart
32:24 Fletching
33:10 Iron Casting
32:06 Halberdier
34:03 Chemistry
33:33 Conscription
33:58 Bodkin Arrow
34:03 Elite Skirmisher
34:53 Tower Shields
35:10 Bracer
35:44 Padded Archer Armor
36:43 Husbandry
36:04 Light Cavalry
36:50 Scale Barding Armor
37:53 Leather Archer Armor
39:31 Ring Archer Armor
40:07 Thumb Ring
41:19 Chain Barding Armor
42:04 Winged Hussar
44:13 Plate Barding Armor
44:27 Onager
Connection lost

Rejoining the realm…

Still unreachable

The connection could not be restored.

Session expired

The server has moved on; the page needs a fresh start.